Map: Simulacrum LE

Players

antagomiR

  • Race: Protoss Protoss
  • League: Gold
  • Spawn Location: 5:00

GyaruGirl - Winner!

  • Race: Terran Terran
  • League: Silver
  • Spawn Location: 11:00

VOD

Have the link to the VOD?

Description

Time

  • Played on: April 5, 2020, 4:29 p.m.
  • Length: 7:26
Show
View Real Time Build Order
Export as new Build Order

antagomiR Protoss 

Build Orders:  

Get SALT Encoding   

  12  0:01  Probe  
  13  0:13  Probe  
  14  0:20  Pylon  
  14  0:25  Probe  
  15  0:40  Gateway  
  15  0:43  Probe  
  16  0:55  Probe  
  16  0:56  Assimilator  
  17  1:07  Probe  
  17  1:08  Assimilator  
  18  1:19  Probe  
  19  1:31  Probe  
  20  1:37  Cybernetics Core  
  20  1:42  Pylon  
  20  1:43  Probe  
  21  1:55  Probe  
  22  2:08  Probe  
  23  2:10  Warp Gate (Chrono Boost)  
  23  2:16  Robotics Facility  
  23  2:33  Probe  
  24  2:45  Probe  
  24  2:46  Nexus  
  24  2:47  Pylon  
  25  2:57  Probe  
  26  3:04  Observer  
  27  3:08  Shield Battery  
  27  3:11  Probe  
  28  3:14  Stalker  
  30  3:23  Probe  
  30  3:25  Observer  
  32  3:29  Pylon  
  32  3:35  Gateway  
  32  3:36  Gateway  
  32  3:44  Probe  
  33  3:56  Probe  
  33  4:02  Adept  
  36  4:06  Probe  
  36  4:08  Probe  
  38  4:15  Immortal  
  42  4:18  Probe  
  42  4:20  Probe  
  43  4:30  Probe  
  44  4:32  Probe  
  44  4:37  Sentry  
  44  4:38  Stalker  
  49  4:39  Stalker  
  49  4:42  Probe  
  49  4:44  Probe  
  53  4:46  Forge  
  53  4:52  Twilight Council  
  53  4:54  Probe  
  54  5:01  Immortal  
  58  5:09  Probe  
  58  5:10  Probe  
  58  5:12  Sentry  
  62  5:21  Protoss Ground Weapons Level 1 (Chrono Boost)  
  62  5:23  Pylon  
  62  5:25  Charge (Chrono Boost)  
  62  5:27  Pylon  
  62  5:41  Probe x2  
  64  5:53  Probe x2, Assimilator  
  64  5:55  Assimilator  
  66  6:00  Immortal  
  66  6:01  Pylon  
  70  6:05  Probe x2  
  72  6:19  Sentry x2  
  72  6:24  Probe x2  
  78  6:31  Assimilator  
  74  6:36  Probe  
  74  6:37  Probe  
  74  6:38  Sentry  
  53  6:49  Adept x2  
  59  7:13  Pylon  
  59  7:15  Pylon  
Show
View Real Time Build Order
Export as new Build Order

GyaruGirl Terran - Winner!

Build Orders:  

Get SALT Encoding   

  12  0:02  SCV  
  13  0:14  SCV  
  14  0:25  Supply Depot  
  14  0:26  SCV  
  15  0:38  Supply Depot  
  15  0:46  SCV  
  15  0:49  Barracks  
  16  0:58  Refinery  
  16  1:08  SCV  
  17  1:12  Refinery  
  17  1:20  SCV  
  18  1:26  Barracks  
  18  1:32  SCV  
  19  1:43  Barracks Reactor  
  19  1:44  SCV  
  20  1:56  SCV  
  20  1:57  Supply Depot  
  21  2:08  SCV  
  22  2:14  Marine  
  23  2:20  SCV  
  24  2:28  Factory  
  24  2:29  Marine  
  25  2:32  SCV  
  25  2:33  Barracks Tech Lab  
  26  2:51  Orbital Command  
  26  2:52  Engineering Bay  
  26  2:58  Marauder  
  28  3:04  Marine  
  28  3:05  Marine  
  30  3:07  Concussive Shells  
  30  3:14  Factory Tech Lab  
  30  3:28  Terran Infantry Weapons Level 1  
  30  3:37  Siege Tank  
  30  3:38  Barracks  
  33  3:44  Marauder  
  35  3:58  Stimpack  
  35  3:59  Supply Depot  
  35  4:04  Marine x2  
  37  4:34  Barracks Reactor  
  37  4:41  Siege Tank  
  42  4:53  Marauder, Command Center  
  42  4:57  Marine x2  
  44  5:06  Supply Depot  
  44  5:18  Marine x2  
  44  5:19  Marine  
  47  5:27  Marine  
  48  5:37  Marine  
  48  5:41  Combat Shield  
  49  5:45  Marine  
  50  5:51  Starport  
  50  5:52  Siege Tank  
  52  6:19  SCV  
  52  6:20  Marine x2  
  52  6:21  Marine x2  
  52  6:22  Marauder  
  59  6:31  SCV  
  57  6:43  SCV  
  58  6:55  SCV  
  58  6:56  Marine x2  
  58  6:57  Marine  
  58  6:59  Marauder  
  58  7:00  Starport Tech Lab  
  64  7:07  SCV  
Tags
 
Matchup
PvT
Replay Pack
20200422
Spawn Locations
Cross Positions
Add a new tag
Caveats
  • Supply blocks, unpowered buildings, or Contaminate may cause inaccurate times.
  • Supply counts are checked every 10 seconds.